 Dungeon Crawl Stone Soup version 0.26-a0-752-gcff87cac9a (webtiles) character file.

Game seed: 8548773282871960656

77 Antenora the Skirmisher (level 4, 0/36 HPs)
             Began as a Demonspawn Abyssal Knight on Nov 6, 2020.
             Was a Believer of Lugonu.
             Succumbed to an adder's poison
             ... on level 3 of the Dungeon.
             The game lasted 00:08:57 (1739 turns).

Antenora the Skirmisher (Demonspawn Abyssal Knight) Turns: 1739, Time: 00:08:57

Health: 0/36       AC:  4    Str: 13    XL:     4   Next: 14%
Magic:  2/6        EV: 11    Int: 14    God:    Lugonu [**....]
Gold:   64         SH:  0    Dex: 12    Spells: 3/3 levels left

rFire    . . .     SeeInvis .   a - +1 falchion
rCold    . . .     Faith    .   (no shield)
rNeg     . . .     Spirit   +   b - +1 leather armour
rPois    .         Reflect  .   (no helmet)
rElec    .         Harm     .   (no cloak)
rCorr    .         Rampage  .   (no gloves)
MR       .....                  (no boots)
Stlth    +.........             (no amulet)
HPRegen  0.12/turn              (no ring)
MPRegen  0.10/turn              (no ring)

@: lethally poisoned (0 -> -3)
A: demonic guardian 1, magic shield
a: Depart the Abyss, Bend Space, Renounce Religion


You were on level 3 of the Dungeon.
You worshipped Lugonu.
Lugonu was pleased with you.
You visited 1 branch of the dungeon, and saw 3 of its levels.
You visited the Abyss 1 time.

You collected 64 gold pieces.

Inventory:

Hand Weapons
 a - a +1 falchion (weapon)
Armour
 b - a +1 leather armour (worn)
 e - a +1 pair of boots
 i - a +0 pair of gloves
Scrolls
 d - a scroll of magic mapping
Potions
 c - a potion of curing
 f - a potion of lignification


   Skills:
 + Level 3.6 Fighting
 + Level 3.0 Long Blades
 + Level 2.0 Armour
 + Level 1.0 Dodging
 + Level 0.1 Stealth
 * Level 3.0 Invocations


You had 3 spell levels left.
You didn't know any spells.
Your spell library was empty.

Dungeon Overview and Level Annotations

Branches:
Dungeon (3/15)

Altars:
Ashenzari
Hepliaklqana
Qazlal


Innate Abilities, Weirdness & Mutations

A weak demonic guardian rushes to your aid.
When hurt, damage is shared between your health and your magic reserves.


Message History

Lugonu accepts your kill.
* * * LOW HITPOINT WARNING * * *
You feel sick.
Your ufetubus disappears in a puff of smoke!
The ball python barely misses you. The ball python closely misses you.
The frilled lizard barely misses you. The ball python barely misses you.
You riposte.
You barely miss the ball python. The ball python grabs you.
The ball python constricts you.
You escape the ball python's grasp.
Your iron imp barely misses the ball python.
You see here 26 stones.
* * * LOW HITPOINT WARNING * * *
You feel sick.
A leopard gecko comes into view.
The leopard gecko hisses angrily.
The ball python closely misses your quasit.
The ball python barely misses your quasit.
Your quasit completely misses the orc.
Your quasit barely misses the orc.
Your quasit claws the orc.
You die...

#.......###..#.######
#.#.#.†## #..#.......
.#....#####.#.####.)
.....##.).[##.#g##....
...#.#####..<.#......#
.. #..# ##........### .
#.####.......###
#.##l.g.#....#
#@.oo5.......##
..l......5S#..†.....#
.###................#
#........K............
..............(........
.###................#...
#....................
#................#...
...............#...


You could see an orc priest, an orc, a leopard gecko, a hobgoblin, a ball
python, a kobold, a frilled lizard, a friendly iron imp (summoned) and a
friendly quasit (summoned).

Vanquished Creatures
  Terence (D:2)
  An adder (D:3)
  A worm (D:2)
  A leopard gecko (D:1)
  2 orcs (D:3)
  A ball python (D:2)
  3 bats (D:2)
  5 goblins
  4 hobgoblins (D:1)
  A frilled lizard (D:1)
  3 kobolds (D:1)
  5 rats
28 creatures vanquished.

Vanquished Creatures (collateral kills)
  An adder (D:3)
  A leopard gecko (D:3)
  An orc (D:3)
  A hobgoblin (D:3)
4 creatures vanquished.

Grand Total: 32 creatures vanquished

Notes
Turn   | Place    | Note
-------+----------+-------------------------------------------
     0 | Abyss:1  | Antenora the Demonspawn Abyssal Knight began the quest for
                  | the Orb.
     0 | Abyss:1  | Reached XP level 1. HP: 18/18 MP: 2/2
    26 | Abyss:1  | Noticed a hellwing
    29 | D:1      | Escaped the Abyss
   165 | D:1      | Reached * piety under Lugonu
   200 | D:1      | Gained mutation: When hurt, damage is shared between your
                  | health and your magic reserves. [demonic ancestry]
   200 | D:1      | Reached XP level 2. HP: 9/24 MP: 3/3
   983 | D:2      | Found a hazy altar of Hepliaklqana.
  1133 | D:2      | Noticed Terence
  1154 | D:2      | Killed Terence
  1154 | D:2      | Reached skill level 1 in Dodging
  1154 | D:2      | Gained mutation: A weak demonic guardian rushes to your
                  | aid. [demonic ancestry]
  1154 | D:2      | Reached XP level 3. HP: 19/29 MP: 3/5
  1167 | D:2      | Found a broken altar of Ashenzari.
  1305 | D:2      | Found a stormy altar of Qazlal.
  1705 | D:3      | Reached XP level 4. HP: 7/36 MP: 1/6
  1723 | D:3      | Reached ** piety under Lugonu
  1734 | D:3      | HP: 1/36 [poisoned by an adder]
  1739 | D:3      | Succumbed to an adder's poison

Illustrated notes

Levels and vault maps discovered:
D:1:      dpeg_arrival_windows_large_door, layout_basic, grunt_decor_resistance
D:2:      layout_basic, grunt_qazlal_clouds, ashenzari_altar_1,
          overflow_temple_1_default, uniq_terence
D:3:      layout_rooms, chequers_ecumenical_altar_twisty

Skill      XL: |  1  2  3  4 |
---------------+-------------+-----
Long Blades    | 2 3 |  3.0
Armour         | 2 |  2.0
Dodging        | 1 |  1.0
Invocations    | 3 |  3.0
Fighting       | |  3.6
Stealth        | |  0.1

Action                   |  1- 3 |  4- 6 || total
-------------------------+-------+-------++-------
Melee: Falchion          |    81 |     1 ||    82
Invok: Depart the Abyss  |     1 |       ||     1
  Use: Scroll            |     5 |       ||     5
       Potion            |     4 |       ||     4
Armor: Leather armour    |    33 |     2 ||    35
Dodge: Dodged            |    72 |    15 ||    87
       Rpst.: Falchion   |    23 |     4 ||    27

Table legend: (Time is in decaauts)
 A = Elapsed time spent in this place.
 B = Non-inter-level travel time spent in this place.
 C = Inter-level travel time spent in this place.
 D = Time resting spent in this place.
 E = Time spent auto-exploring this place.
 F = Levels seen in this place.
 G = Mean time per level.
                   A        B        C        D        E       F      G
               +--------+--------+--------+--------+--------+-----+--------+
         Total |   1753 |   1753 |      0 |      0 |      0 |   4 |  438.2 |
       Dungeon |   1723 |   1723 |      0 |      0 |      0 |   3 |  574.3 |
         Abyss |     29 |     29 |      0 |      0 |      0 |   1 |   29.0 |
               +--------+--------+--------+--------+--------+-----+--------+

Top non-repeatable levels by time:
     D:1: 831 daAuts
     D:2: 826 daAuts
     D:3: 65 daAuts
 Abyss:1: 29 daAuts
